 Dungeon Sprint DCSS version 0.17-a0-129-g9432df0 (webtiles) character file.

745 Ololoev the Basher (level 7, 0/66 HPs)
             Began as an Ogre Hunter on Mar 24, 2015.
             Was a Follower of Okawaru.
             Succumbed to an orange demon's poison
             ... in the Dungeon (Sprint I: "Red Sonja").
             The game lasted 00:02:47 (364 turns).

Ololoev the Basher (Ogre Hunter)                     Turns: 364, Time: 00:02:47

Health: 0/66       AC:  3    Str: 20    XL:     7   Next: 76%
Magic:  7/7        EV: 10    Int: 10    God:    Okawaru [*.....]
Gold:   262        SH:  0    Dex: 10    Spells: 0 memorised, 6 levels left

rFire  . . .     SeeInvis .     l - -3 giant club (curse)
rCold  . . .     Clarity  .     d - +0 animal skin
rNeg   . . .     SustAb   .     (shield restricted)
rPois  .         Gourm    .     (helmet restricted)
rElec  .         Spirit   .     (no cloak)
rCorr  .         Warding  .     (gloves unavailable)
rMut   .         NoTele   +     (boots unavailable)
MR     .....                    (no amulet)
Stlth  +.........               (no ring)
                                (no ring)

@: lethally poisoned (0 -> -62), weakened, not resistant to hostile
enchantments, very unstealthy
A: unfitting armour, tough skin 1
a: Heroism, Renounce Religion


You were in the Dungeon.
You worshipped Okawaru.
Okawaru was aware of your devotion.
You were not hungry.

You visited 1 branch You collected 405 gold pieces.
You spent 143 gold pieces at shops.

Notes
Turn   | Place    | Note
--------------------------------------------------------------
     0 | D        | Ololoev, the Ogre Hunter, began the quest for the Orb.
     0 | D        | Reached XP level 1. HP: 22/22 MP: 1/1
     1 | D        | Noticed Ijyb
    10 | D        | Killed Ijyb
    10 | D        | Reached skill level 7 in Throwing
    10 | D        | Reached XP level 2. HP: 21/29 MP: 2/2
   103 | D        | Noticed an ogre
   105 | D        | Killed an ogre
   105 | D        | Reached skill level 10 in Throwing
   105 | D        | Reached XP level 3. HP: 36/36 MP: 3/3
   105 | D        | Reached XP level 4. HP: 44/44 MP: 4/4
   133 | D        | Noticed Sigmund
   135 | D        | Killed Sigmund
   135 | D        | Reached skill level 11 in Throwing
   135 | D        | Reached XP level 5. HP: 50/50 MP: 5/5
   158 | D        | Found a deep blue altar of Sif Muna.
   159 | D        | Noticed a jelly
   160 | D        | Found a radiant altar of Vehumet.
   162 | D        | Killed a jelly
   226 | D        | Found Thraimur's General Store.
   226 | D        | Found a white marble altar of Elyvilon.
   226 | D        | Found a stormy altar of Qazlal.
   226 | D        | Found a burning altar of Makhleb.
   226 | D        | Found a sacrificial altar of Ru.
   226 | D        | Found a basalt altar of Yredelemnul.
   226 | D        | Found a glowing golden altar of the Shining One.
   226 | D        | Found a sparkling altar of Nemelex Xobeh.
   226 | D        | Found a shimmering altar of Xom.
   226 | D        | Found an opulent altar of Gozag.
   226 | D        | Found an ancient bone altar of Kikubaaqudgha.
   226 | D        | Found a glowing silver altar of Zin.
   226 | D        | Noticed a yak
   231 | D        | Killed a yak
   231 | D        | Reached skill level 10 in Maces & Flails
   231 | D        | Reached skill level 12 in Throwing
   231 | D        | Reached XP level 6. HP: 40/59 MP: 6/6
   232 | D        | Found an iron altar of Okawaru.
   233 | D        | Found a bloodstained altar of Trog.
   238 | D        | Bought a potion of flight for 33 gold pieces
   238 | D        | Bought a potion of might for 44 gold pieces
   238 | D        | Bought a potion of curing for 33 gold pieces
   238 | D        | Bought a throwing net for 33 gold pieces
   240 | D        | Became a worshipper of Warmaster Okawaru
   329 | D        | Found a snail-covered altar of Cheibriados.
   329 | D        | Found a viscous altar of Jiyva.
   329 | D        | Found a shadowy altar of Dithmenos.
   329 | D        | Found a blossoming altar of Fedhas.
   329 | D        | Noticed a slime creature
   332 | D        | Killed a slime creature
   332 | D        | Reached XP level 7. HP: 50/66 MP: 7/7
   348 | D        | Noticed a kobold demonologist
   349 | D        | Noticed a kobold demonologist
   351 | D        | Killed a kobold demonologist
   351 | D        | Acquired Okawaru's first power
   351 | D        | Reached skill level 13 in Maces & Flails
   358 | D        | Noticed an orange demon
   364 | D        | Succumbed to an orange demon's poison

Inventory:

Hand weapons
 l - a cursed -3 giant club (weapon)
Missiles
 c - a throwing net (quivered)
Armour
 d - a +0 animal skin (worn)
Scrolls
 k - a scroll of blinking
 m - a scroll of remove curse {unknown}
Potions
 e - 3 potions of curing
 g - a potion of heal wounds
 h - a potion of haste
 i - 2 potions of magic
 j - a potion of berserk rage
 n - a potion of flight
 o - a potion of might
Comestibles
 a - 3 chunks of flesh
 f - a meat ration

Table legend:
 A = Turns spent in this place as a percentage of turns spent in the entire game.
 B = Non-inter-level travel turns spent in this place as a percentage of non-inter-level travel turns spent in the entire game.
 C = Inter-level travel turns spent in this place as a percentage of turns spent in this place.
 D = Turns resting spent in this place as a percentage of non-inter-level travel turns spent in this place.
 E = Turns spent auto-exploring this place as a percentage of non-inter-level travel turns spent in this place.
 F = Non-inter-level travel turns spent in this place divided by the number of levels of this place that you've seen.
                   A       B       C       D       E      F
               +-------+-------+-------+-------+-------+----------------------
         Total | 100.0 | 100.0 |   0.0 |   4.0 |   0.0 | 149.0
       Dungeon | 100.0 | 100.0 |   0.0 |   4.0 |   0.0 | 149.0
               +-------+-------+-------+-------+-------+----------------------


   Skills:
 - Level 2.6 Fighting
 * Level 13.8 Maces & Flails
 + Level 13.4 Throwing
 - Level 1.7 Dodging
 - Level 0.7 Stealth


You had 6 spell levels left.
You didn't know any spells.

Dungeon Overview and Level Annotations

Branches:
Dungeon (1/1)

Altars:
Cheibriados
Dithmenos
Elyvilon
Fedhas
Gozag
Kikubaaqudgha
Makhleb
Nemelex Xobeh
Okawaru
Qazlal
Ru
Sif Muna
Trog
Vehumet
Xom
Yredelemnul
Zin
The Shining One
Jiyva

Shops:
D *


Innate Abilities, Weirdness & Mutations

You are too large for most types of armour.
You have tough skin (AC +1).


Message History

Press: ? - help, Shift-Dir - straight line, f/p - kobold demonologist
Aim: a kobold demonologist, wielding a dagger and wearing a robe (severely wounded)
You throw a large rock.
The large rock hits the kobold demonologist.
The kobold demonologist is severely wounded.
You feel sick.
The kobold demonologist hits you but does no damage.
Throwing (i - inventory):
c - 3 throwing nets (quivered)
Press: ? - help, Shift-Dir - straight line, f/p - kobold demonologist
Aim: a kobold demonologist, wielding a dagger and wearing a robe (severely wounded)
You throw a throwing net.
The throwing net completely misses the kobold demonologist.
The orange demon closely misses you. The orange demon hits you.
The kobold demonologist hits you with a dagger.
Throwing (i - inventory):
c - 2 throwing nets (quivered)
Press: ? - help, Shift-Dir - straight line, f/p - kobold demonologist
Aim: a kobold demonologist, wielding a dagger and wearing a robe (severely wounded)
You throw a throwing net.
The throwing net hits the kobold demonologist.
The kobold demonologist is caught in the net!
The kobold demonologist is severely wounded.
You feel sick. The orange demon stings you!
You are lethally poisoned!
The orange demon poisons you!
You feel as though you will be weak longer.
The orange demon hits you!
The kobold demonologist struggles to escape the net.
You hit the kobold demonologist.
The kobold demonologist is severely wounded.
You feel very sick. The orange demon stings you.
You are more poisoned.
The orange demon poisons you!
You feel as though you will be weak longer.
The orange demon hits you.
The kobold demonologist becomes somewhat translucent.
The kobold demonologist struggles against the net.
You hit the kobold demonologist.
The kobold demonologist is almost dead.
You die...

######################
..'..#..'..#__#.@K(.(#
).#.)'..#..'..'.4#((.#
####'#####'#__#### (.+
###..#...#.#### ##
__####..##(#
_..__##'#..+
_.∩...'..._#
_..._##_.#'#
_____###+#.#


You could see an orange demon and a kobold demonologist (caught).

Table legend:
 A = Kills in this place as a percentage of kills in entire the game.
 B = Kills by you in this place as a percentage of kills by you in the entire game.
 C = Kills by friends in this place as a percentage of kills by friends in the entire game.
 D = Other kills in this place as a percentage of other kills in the entire game.
 E = Experience gained in this place as a percentage of experience gained in the entire game.
 F = Experience gained in this place divided by the number of levels of this place that you have seen.
                   A       B       C       D       E      F
               +-------+-------+-------+-------+-------+----------------------
         Total | 100.0 | 100.0 |  -nan |  -nan | 100.0 | 1065.0
       Dungeon | 100.0 | 100.0 |  -nan |  -nan | 100.0 | 1065.0
               +-------+-------+-------+-------+-------+----------------------

Vanquished Creatures
  A kobold demonologist (D)
  A slime creature (D)
  A yak (D)
  An ogre (D)
  Sigmund (D)
  A jelly (D)
  Ijyb (D)
  A giant eyeball (D)
8 creatures vanquished.

Action                   |  1- 3 |  4- 6 |  7- 9 || total
-------------------------+-------+-------+-------++-------
Melee: Short sword       |     7 |       |       ||     7
       Giant club        |       |     8 |     9 ||    17
Throw: Large rock        |     4 |     5 |     5 ||    14
       Throwing net      |       |       |     2 ||     2

Vault maps used:
D:        dungeon_sprint_1
